 Dungeon Crawl Stone Soup version 0.21.1-1-g345015f (webtiles) character file.

4159 Fang the Cleaver (level 10, -6/63 HPs)
             Began as a Gargoyle Berserker on June 11, 2018.
             Was a High Priest of Trog.
             Mangled by a white ugly thing (32 damage)
             ... on level 9 of the Dungeon.
             The game lasted 00:13:01 (8012 turns).

Fang the Cleaver (Gargoyle Berserker)               Turns: 8012, Time: 00:13:02

Health: -6/63      AC: 16    Str: 23    XL:     10   Next: 28%
Magic:  10/10      EV: 14    Int:  9    God:    Trog [*****.]
Gold:   416        SH:  0    Dex:  9    Spells: 9/9 levels left

rFire    . . .     SeeInvis .   a - +2 hand axe
rCold    . . .     Gourm    .   (no shield)
rNeg     + . .     Faith    .   b - +1 animal skin
rPois    ∞         Spirit   .   D - +1 hat
rElec    +         Reflect  .   (no cloak)
rCorr    .         Harm     +   (no gloves)
MR       .....                  (no boots)
Stlth    +.........             G - amulet of harm
HPRegen  0.20/turn              e - +5 ring of protection
MPRegen  0.12/turn              (no ring)

@: silence, berserk cooldown, slowed, very slow
A: negative energy resistance 1, electricity resistance, unbreathing,
petrification resistance, rot immunity, AC +7
a: Renounce Religion


You were on level 9 of the Dungeon.
You worshipped Trog.
Trog was extremely pleased with you.
You were near starving.

You visited 1 branch of the dungeon, and saw 9 of its levels.

You collected 416 gold pieces.

Inventory:

Hand Weapons
 a - a +2 hand axe (weapon)
Armour
 b - a +1 animal skin (worn)
 D - a +1 hat (worn)
Jewellery
 e - a +5 ring of protection (left hand)
 i - an uncursed amulet of rage
 G - an amulet of harm (around neck)
Wands
 d - a wand of flame (31)
 m - a wand of enslavement (12)
 r - a wand of polymorph (30)
Scrolls
 j - 2 scrolls of identify
 l - 2 scrolls of enchant armour
 n - 4 scrolls of remove curse
 p - a scroll of magic mapping
 s - 3 scrolls of teleportation
Potions
 f - a potion of lignification
 g - 2 potions of flight
 k - 3 potions of curing
 o - a potion of magic
 v - a potion of invisibility
 w - a potion of heal wounds
 z - 2 potions of cancellation
 A - a potion of might
 E - a potion of haste
Comestibles
 c - 17 rations


   Skills:
 + Level 7.5 Fighting
 + Level 10.0 Axes
 + Level 2.4 Armour
 + Level 6.3 Dodging
 + Level 3.7 Stealth


You had 9 spell levels left.
You didn't know any spells.

Dungeon Overview and Level Annotations

Branches:
Dungeon (9/15)             Temple (0/1) D:7
   Lair: D:8-11         Orc: D:9-12

Altars:
Cheibriados
Elyvilon
Fedhas
Okawaru
Ru
Sif Muna
Trog
Vehumet
Xom
Zin

Shops:
D:4 (   D:5 *

Annotations:
D:9 lux767's ghost, journeyman DrCj


Innate Abilities, Weirdness & Mutations

You are resistant to torment.
Your stone body is resilient. (AC +7)
You are immune to poison.
You resist negative energy. (rN+)
You are resistant to electric shocks. (rElec)
You can survive without breathing.
You are immune to petrification.
You are immune to rotting.


Message History

As you read the scroll labeled MESCHU OCOUGG, it crumbles to dust.
A profound silence engulfs you.
It was a scroll of silence.
The crocodile bites you.
The porcupine bites you but does no damage.
The black bear closely misses you. x2
The black bear claws you but does no damage.
The white ugly thing closely misses you.
The wolf completely misses the plant.
The crocodile bites you.
The black bear bites you but does no damage.
The black bear misses you. x2
The porcupine bites you but does no damage.
The white ugly thing kicks you but does no damage.
You barely miss the porcupine. You hit the white ugly thing.
You hit the black bear. You barely miss the crocodile.
The porcupine bites you but does no damage.
The crocodile closely misses you. The black bear barely misses you. x2
The black bear claws you but does no damage.
The white ugly thing kicks you. The white ugly thing freezes you!!
Ouch! That really hurt!
You die...

P.PP... .P.P.P.
....... ##
..ht... .# #
...l... .#.#
P....?.#####...#
......h.....#
#.$..@u...#
#...tr....#
#...<.....+
#.........#
#.........#
#.........#
##....#####
#.....


You could see a white ugly thing, a basilisk, 2 crocodiles, a black bear, a wolf
and a porcupine.

Vanquished Creatures
  Pikel (D:5)
  Menkaure (D:7)
  3 orc warriors
  A slave (D:5)
  An ice beast (D:8)
  A hornet zombie (D:8)
  2 sky beasts (D:8)
  2 black bears
  An ogre (D:8)
  3 phantoms
  4 necrophages (D:8)
  2 centaurs
  2 big kobolds
  2 bullfrogs
  A water moccasin zombie (D:5)
  2 scorpions
  3 killer bees (D:8)
  A water moccasin skeleton (D:8)
  3 wights (D:7)
  A howler monkey (D:5)
  3 crimson imps
  A centaur zombie (D:6)
  A bullfrog zombie (D:8)
  4 hounds
  A bullfrog skeleton (D:8)
  2 jellies
  12 orc wizards
  3 iguanas
  5 worker ants
  A hound zombie (D:8)
  7 adders
  A gnoll (D:1)
  4 oozes
  An adder skeleton (D:6)
  An adder zombie (D:8)
  4 worms
  2 dart slugs (D:1)
  3 leopard geckos
  30 orcs
  4 ball pythons
  10 giant cockroaches
  8 hobgoblins
  17 jackals
  13 kobolds
  2 quokkas
  5 bats
  6 frilled lizards
  5 goblins
  A jackal skeleton (D:6)
  A jackal zombie (D:5)
  A quokka skeleton (D:8)
  6 rats
  4 bushes (D:8)
206 creatures vanquished.

Vanquished Creatures (others)
  A shadow imp (D:5)
  An orc (D:5)
  A fungus (D:9)
  7 plants
10 creatures vanquished.

Grand Total: 216 creatures vanquished

Notes
Turn   | Place    | Note
-------+----------+-------------------------------------------
     0 | D:1      | Fang the Gargoyle Berserker began the quest for the Orb.
     0 | D:1      | Reached XP level 1. HP: 14/14 MP: 1/1
    85 | D:1      | Reached XP level 2. HP: 15/19 MP: 2/2
   110 | D:1      | Reached skill level 3 in Axes
   505 | D:1      | Reached XP level 3. HP: 17/24 MP: 3/3
   815 | D:2      | Reached XP level 4. HP: 29/29 MP: 4/4
   890 | D:2      | Reached skill level 4 in Axes
  1020 | D:2      | Found a bloodstained altar of Trog.
  1027 | D:2      | Reached ** piety under Trog
  1086 | D:2      | Reached XP level 5. HP: 33/33 MP: 5/5
  1737 | D:3      | Found an iron altar of Okawaru.
  2004 | D:3      | Reached skill level 1 in Stealth
  2188 | D:3      | Found a shimmering altar of Xom.
  2214 | D:3      | Reached XP level 6. HP: 33/39 MP: 6/6
  2329 | D:3      | Found a radiant altar of Vehumet.
  2329 | D:3      | Found a sacrificial altar of Ru.
  2617 | D:3      | Found a deep blue altar of Sif Muna.
  2745 | D:4      | Found Eleruc's Antique Weapon Boutique.
  2817 | D:4      | Reached *** piety under Trog
  2867 | D:4      | Reached skill level 5 in Axes
  2900 | D:4      | Noticed an orc warrior
  2910 | D:4      | Killed an orc warrior
  2922 | D:4      | Reached XP level 7. HP: 29/44 MP: 7/7
  3466 | D:5      | Entered Level 5 of the Dungeon
  3703 | D:5      | Reached skill level 5 in Fighting
  3809 | D:5      | Reached skill level 6 in Axes
  3907 | D:5      | Reached XP level 8. HP: 25/49 MP: 8/8
  4184 | D:5      | Noticed Pikel
  4198 | D:5      | Killed Pikel
  4198 | D:5      | Reached skill level 7 in Axes
  4372 | D:5      | Found a snail-covered altar of Cheibriados.
  4568 | D:5      | Found Zin's Purification Station.
  4599 | D:5      | Found a glowing silver altar of Zin.
  4944 | D:6      | Reached XP level 9. HP: 38/55 MP: 9/9
  5012 | D:6      | Reached **** piety under Trog
  5159 | D:6      | Reached skill level 8 in Axes
  5159 | D:6      | Reached skill level 5 in Dodging
  5888 | D:7      | Noticed Menkaure
  5898 | D:7      | Killed Menkaure
  6327 | D:7      | Found a white marble altar of Elyvilon.
  6351 | D:7      | Reached ***** piety under Trog
  6358 | D:7      | Reached skill level 9 in Axes
  6473 | D:7      | Found a staircase to the Ecumenical Temple.
  7188 | D:8      | Reached XP level 10. HP: 63/63 MP: 10/10
  7614 | D:8      | Found a blossoming altar of Fedhas.
  7934 | D:9      | Reached skill level 10 in Axes
  7963 | D:9      | Noticed lux767's ghost (journeyman DrCj)
  8006 | D:9      | Noticed a white ugly thing
  8012 | D:9      | Mangled by a white ugly thing

Skill      XL: |  1  2  3  4  5  6  7  8  9 10 |
---------------+-------------------------------+-----
Axes           | 3 4 5 6 7 9 10 | 10.0
Fighting       | 4 5 6 7 |  7.5
Dodging        | 2 3 4 6 |  6.3
Stealth        | 1 2 3 |  3.7
Armour         | |  2.4

Action                   |  1- 3 |  4- 6 |  7- 9 | 10-12 || total
-------------------------+-------+-------+-------+-------++-------
Melee: Hand axe          |    58 |   229 |   596 |   151 ||  1034
Invok: Berserk           |     2 |     1 |     7 |     2 ||    12
  Use: Scroll            |       |       |    23 |     2 ||    25
       Potion            |       |       |       |     1 ||     1
 Stab: Sleeping          |     1 |     1 |     3 |       ||     5
  Eat: Chunk             |       |     8 |    19 |       ||    27
       Ration            |       |       |     1 |     1 ||     2
Armor: Animal skin       |    21 |   107 |   257 |    54 ||   439
Dodge: Dodged            |    28 |   146 |   376 |    82 ||   632
